 Dungeon Crawl Stone Soup version 0.27.1-3-gb3d3a73c9e (webtiles) character file.

Game seed: 9200264221767452615

65 Descartes the Magician (level 3, -11/20 HPs)
             Began as a Deep Elf Wanderer on Oct 23, 2021.
             Mangled by a gnoll (14 damage)
             ... on level 2 of the Dungeon.
             The game lasted 00:07:13 (3038 turns).

Descartes the Magician (Deep Elf Wanderer)          Turns: 3038, Time: 00:07:14

Health: -11/20     AC:  3    Str: 12    XL:     3   Next: 94%
Magic:  8/10       EV: 10    Int: 15    God:
Gold:   100        SH:  0    Dex: 13    Spells: 6/10 levels left

rFire    . . .     SeeInvis .   a - +0 dagger
rCold    . . .     Faith    .   (no shield)
rNeg     . . .     Spirit   .   m - +0 leather armour
rPois    .         Reflect  .   (no helmet)
rElec    .         Harm     .   (no cloak)
rCorr    .         Rampage  .   (no gloves)
Will     .....                  (no boots)
Stlth    +.........             (no amulet)
HPRegen  0.06/turn              (no ring)
MPRegen  0.12/turn              (no ring)

@: no status effects
A: no striking features
a: no special abilities


You were on level 2 of the Dungeon.
You visited 1 branch of the dungeon, and saw 3 of its levels.

You collected 100 gold pieces.

Inventory:

Hand Weapons
 a - a +0 dagger (weapon)
 c - a +1 whip of pain
 k - a +0 hunting sling of freezing
Missiles
 i - a throwing net
 l - 59 stones
Armour
 j - a +2 plate armour of fire resistance
 m - a +0 leather armour (worn)
Jewellery
 o - an amulet of reflection
Scrolls
 g - 2 scrolls of magic mapping {unknown}
 n - a scroll of teleportation {unknown}
Potions
 d - 2 potions of curing
 e - a potion of degeneration {unknown}
 f - a potion of heal wounds {unknown}
 h - a potion of resistance {unknown}
 p - a potion of flight {unknown}
Miscellaneous
 b - a piece from Xom's chessboard (14/15)


   Skills:
 - Level 1.5 Fighting
 - Level 1.2 Stealth
 - Level 4.4 Spellcasting
 + Level 3.2 Conjurations
 - Level 2.1 Summonings
 + Level 0.3 Translocations
 + Level 1.9 Ice Magic
 - Level 2.1 Evocations


You had 6 spell levels left.
You knew the following spells:

 Your Spells              Type           Power      Damage    Failure   Level
a - Magic Dart            Conj           52%        1d5       6%          1
b - Freeze                Ice            36%        1d6       10%         1
c - Blink                 Tloc           N/A        N/A       30%         2

Your spell library contained the following spells:

 Spells                   Type           Power      Damage    Failure   Level
 Call Imp                 Summ           9%         N/A       14%         2
 Frozen Ramparts          Ice            18%        1d3       30%         3
 Slow                     Hex            3%         N/A       32%         2
 Conjure Flame            Conj/Fire      8%         6-21      34%         3
 Mephitic Cloud           Conj/Pois/Air  6%         N/A       38%         3
 Hailstorm                Conj/Ice       11%        3d5       58%         4
 Sticky Flame             Conj/Fire      8%         2d3       75%         4
 Cause Fear               Hex            1%         N/A       91%         4
 Metabolic Englaciation   Hex/Ice        3%         N/A       99%         5
 Silence                  Hex/Air        1%         N/A       99%         5
 Malign Gateway           Summ/Tloc      3%         N/A       100%        7
 Summon Horrible Things   Summ           4%         N/A       100%        8


Dungeon Overview and Level Annotations

Branches:
Dungeon (3/15)

Altars:

Annotations:
D:2 Terence


Message History

Unknown command.
Casting: Magic Dart (safe; 6% risk of failure)
Confirm with . or Enter, or press ? or * to list all spells.
You can't see any susceptible monsters within range! (Use Z to cast anyway.) Unknown command.
l - 59 stones (gained 14) Terence the Incautious comes into view.
He is wielding a +0 hand axe.
Unknown command.
There is a stone staircase leading up here.
There is a stone staircase leading down here.
You climb downwards.
The gnoll shouts! x4
Found an escape hatch in the ceiling.
There is a stone staircase leading up here.
The gnoll hits you with a +0 flail!
Ouch! That really hurt!
* * * LOW HITPOINT WARNING * * *
You climb upwards.
Level annotation: Terence
There is a stone staircase leading down here.
Casting: Magic Dart (safe; 6% risk of failure)
Confirm with . or Enter, or press ? or * to list all spells.
Aiming: Magic Dart (safe; 6% risk of failure)
Press: ? - help, Shift-Dir - straight line, f - gnoll
Aim: a gnoll, wielding a +0 flail (100% to hit)
The magic dart hits the gnoll but does no damage.
Casting: Magic Dart (safe; 6% risk of failure)
Confirm with . or Enter, or press ? or * to list all spells.
Aiming: Magic Dart (safe; 6% risk of failure)
Press: ? - help, Shift-Dir - straight line, f/p - gnoll
Aim: a gnoll, wielding a +0 flail (100% to hit)
The magic dart hits the gnoll.
The gnoll is lightly wounded.
The gnoll hits you with a +0 flail.
* * * LOW HITPOINT WARNING * * *
You make a move on Xom's chessboard...
The gnoll flickers and vanishes!
Deactivating autopickup; reactivate with Ctrl-A.
Something hits you!
Ouch! That really hurt!
You die...

..................##....# #..<
...##.#..##...#.#......## #.>.
##.##............##.#.## ##...
##.....##....##..#..#.# #..#.
#####.##.[........##.# #.#..
#..#.#.......###.# #.#.# #
##.#.#.......###.# #.#.# #
##.#.#...#...<##.# #.#.#
######.##.###.##@...^.# ##...#
.......#...##.##{....#######†..##
.#.....##.###..##>.......)....###
.#....##...##......##.....##.....
...##.#..#..#....#.##..##..#†####
.####.##...#####.......###...####
.# ###.#.#.####...###.# ##......
## #.......#.........# ##.#### #
###.#.###...#..#..## ###


There were no monsters in sight!

Vanquished Creatures
  An adder (D:2)
  2 dart slugs
  5 endoplasms (D:2)
  5 giant cockroaches
  3 goblins (D:2)
  10 hobgoblins
  2 jackals (D:2)
  6 kobolds
  A quokka (D:1)
  2 ball pythons
  3 bats
  A frilled lizard (D:2)
  4 rats
45 creatures vanquished.

Notes
Turn   | Place    | Note
-------+----------+-------------------------------------------
     0 | D:1      | Descartes the Deep Elf Wanderer began the quest for the
                  | Orb.
     0 | D:1      | Descartes set off with the following items: a +0 dagger, a
                  | piece from Xom's chessboard (15/15), a +0 robe, a potion of
                  | curing; and the following spell memorised: Magic Dart; and
                  | the following spells available to memorise: Call Imp,
                  | Blink, Slow, Conjure Flame, Mephitic Cloud
     0 | D:1      | Reached XP level 1. HP: 12/12 MP: 7/7
   159 | D:1      | Reached skill level 1 in Conjurations
   476 | D:1      | Reached XP level 2. HP: 16/16 MP: 5/9
  1073 | D:1      | Learned a level 1 spell: Freeze
  1221 | D:1      | Found a faded altar of an unknown god.
  1392 | D:2      | Reached XP level 3. HP: 20/20 MP: 3/10
  1458 | D:2      | Reached skill level 1 in Ice Magic
  2396 | D:2      | Got the Grimoire of the Five Visionaries
  2400 | D:2      | Learned a level 2 spell: Blink
  2933 | D:2      | Noticed Terence
  3038 | D:2      | Mangled by a gnoll

Illustrated notes

Levels and vault maps discovered:
D:1:      minmay_arrival_arboretum_small, layout_basic,
          chequers_ecumenical_altar_grove
D:2:      minmay_spotlight, layout_rooms, minmay_pentomino_pile, uniq_terence
D:3:      layout_loops_ring, serial_glass, glass_columns_b, glass_columns_c

Skill      XL: |  1  2  3 |
---------------+----------+-----
Conjurations   | 1 2 3 |  3.2
Ice Magic      | 1 |  1.9
Fighting       | |  1.5
Stealth        | |  1.2
Spellcasting   | |  4.4
Summonings     | |  2.1
Translocations | |  0.3
Evocations     | |  2.1

Action                   || total
-------------------------++-------
Melee: Dagger            ||     5
 Cast: Magic Dart        ||   138
Evoke: Piece from Xom's  ||     1
Armor: Robe              ||     8
       Leather armour    ||     4
Dodge: Dodged            ||    36
